 Dungeon Crawl Stone Soup version 0.31.0-32-g396128a36d (webtiles) character file.

Game seed: 17963919249146128054

352 Alphaeus the Ruffian (level 6, 0/41 HPs)
             Began as an Octopode Shapeshifter on Mar 19, 2024.
             Succumbed to a gnoll's poison
             ... on level 3 of the Dungeon.
             The game lasted 00:02:32 (3108 turns).

Alphaeus the Ruffian (Octopode Shapeshifter)        Turns: 3108, Time: 00:02:33

Health: 0/41       AC: -3    Str: 15    XL:     6   Next: 61%
Magic:  6/6        EV: 13    Int: 12    God:
Gold:   168        SH:  0    Dex: 12    Spells: 5/5 levels left

rFire   . .          .
                       - Unarmed
rCold   . . .        (no shield)
rNeg    . . .        (helmet currently unavailable)
rPois   .            (no amulet)
rElec   .            (no ring)
rCorr   .            (no ring)
SInv    .            (no ring)
Will    .....        (no ring)
Stlth   ++           (no ring)
HPRegen 0.26/turn    (no ring)
MPRegen 0.10/turn    (no ring)
                     (no ring)

%: no passive effects
@: lethally poisoned (0 -> -20), beast-form, corroded
A: beast (slay +2), almost no armour, amphibious, 8 rings, camouflage 1,
gelatinous body 1, (nimble swimmer 1), tentacles
a: Begin Untransformation


You were on level 3 of the Dungeon.
You were a hulking beast.
You visited 1 branch of the dungeon, and saw 4 of its levels.

You collected 168 gold pieces.

Inventory:

Talismans
 b - a beast talisman
 c - a flux talisman
Wands
 n - a wand of mindburst (11)
Scrolls
 d - 2 scrolls of fog {unknown}
 e - a scroll of poison {unknown}
 g - a scroll of fear {unknown}
 h - a scroll of teleportation {unknown}
 l - a scroll of noise {unknown}
 p - a scroll of enchant weapon {unknown}
Potions
 a - a potion of lignification
 i - a potion of brilliance {unknown}
 j - a potion of invisibility {unknown}
 k - a potion of attraction {unknown}
 m - a potion of enlightenment {unknown}
 o - a potion of resistance {unknown}


   Skills:
 + Level 2.6 Fighting
 + Level 3.1 Dodging
 * Level 4.8 Unarmed Combat
 * Level 4.5 Shapeshifting


You had 5 spell levels left.
You didn't know any spells.
Your spell library contained the following spells:

 Spells                   Type           Power      Damage    Failure   Level
 Volatile Blastmotes      Fire/Tloc      0%         2d10      69%         3
 Fulminant Prism          Conj/Alch      0%         3d5       97%         4
 Iskenderun's Mystic Bla  Conj/Tloc      0%         2d3       97%         4


Dungeon Overview and Level Annotations

Branches:
Dungeon (4/15)
 Temple: D:4-7

Altars:
Elyvilon
Okawaru


Innate Abilities, Weirdness & Mutations

You are a hulking beast.
Your limbs bulge with bestial killing power. (Slay +2)
You cannot wear most types of armour.
You are amphibious.
You can wear up to eight rings at the same time.
Your skin changes colour to match your surroundings (Stealth+).
Your rubbery body absorbs attacks. (AC +1, EV +1)
((You are camouflaged when in or above water. (Stealth+)))
You have tentacles for arms and can constrict up to eight enemies at once.


Message History

You are too injured to fight recklessly!
You are too injured to fight recklessly!
You are too injured to fight recklessly!
You are too injured to fight recklessly!
You are too injured to fight recklessly!
You are too injured to fight recklessly!
The scorpion attacks as it pursues you! The scorpion closely misses you.
The scorpion attacks as it pursues you! The scorpion stings you.
* * * LOW HITPOINT WARNING * * *
There is a stone staircase leading up here.
The scorpion closely misses you.
You climb upwards.
There is a stone staircase leading down here.
It was a potion of might.
You feel very mighty all of a sudden. The scorpion misses you.
The scorpion closely misses you.
You tentacle-slap the scorpion. You grab the scorpion.
You tentacle-slap the scorpion.
The scorpion is heavily wounded.
You constrict the scorpion, but do no damage.
The scorpion barely misses you.
You bludgeon the scorpion! Your squeeze misses the scorpion.
The scorpion is almost dead.
You constrict the scorpion.
You kill the scorpion!
You start resting.
You are no longer corroded.
You start resting.
You feel a little less mighty now.
You start resting.
HP restored.
You climb downwards.
The jelly hits you.
You are splashed with acid!
The jelly hits you. The acid corrodes you!
You are splashed with acid!
There is a stone staircase leading up here.
The gnoll hits you from afar with a +1 halberd of venom!
* * * LOW HITPOINT WARNING * * *
You are lethally poisoned!
The jelly closely misses you.
You climb upwards.
You die...

#########
##########.......#
........##.#####.#
........##.#####.#######
...............†h......#
.....†..##.#####J.####.#
........##.# #..# #.#
........##.# #..# #.#
........##.#####..# #.#
##########........# #.#
#.......## #.# ##.####.#
###.# ######## #..[.#.#
#...#


You could see a jelly.

Vanquished Creatures
  A scorpion (D:3)
  Jessica (D:2)
  Ijyb (D:3)
  Natasha (thrice) (D:3)
  Terence (D:2)
  5 adders
  A gnoll (D:1)
  5 dart slugs
  An orc (D:3)
  9 bats
  7 endoplasms
  6 giant cockroaches
  7 goblins
  6 hobgoblins
  2 jackals (D:2)
  5 kobolds
  3 quokkas
  9 ball pythons
  A frilled lizard (D:1)
  5 rats
79 creatures vanquished.

Notes
Turn   | Place    | Note
-------+----------+-------------------------------------------
     0 | D:1      | Alphaeus the Octopode Shapeshifter began the quest for the
                  | Orb.
     0 | D:1      | Reached XP level 1. HP: 13/13 MP: 1/1
    81 | D:1      | Reached XP level 2. HP: 18/18 MP: 2/2
   248 | D:1      | You fall into a shaft and drop 1 floor!
   262 | D:2      | Reached XP level 3. HP: 20/23 MP: 3/3
   495 | D:2      | Reached XP level 4. HP: 28/28 MP: 4/4
  1223 | D:2      | Noticed Terence
  1230 | D:2      | Killed Terence
  1231 | D:2      | Reached XP level 5. HP: 8/34 MP: 5/5
  1391 | D:2      | Found a faded altar of an unknown god.
  1537 | D:2      | Noticed Jessica
  1543 | D:2      | Killed Jessica
  1727 | D:3      | Noticed Natasha
  1737 | D:3      | Killed Natasha
  1843 | D:3      | Noticed Natasha
  1849 | D:3      | Killed Natasha
  2092 | D:3      | Noticed Ijyb
  2102 | D:3      | Killed Ijyb
  2103 | D:3      | Reached XP level 6. HP: 21/40 MP: 6/6
  2273 | D:3      | Noticed Natasha
  2286 | D:3      | Killed Natasha
  2513 | D:3      | Found a white marble altar of Elyvilon.
  2522 | D:3      | Found an iron altar of Okawaru.
  3108 | D:3      | Succumbed to a gnoll's poison

Illustrated notes

Levels and vault maps discovered:
D:1:      saegor_arrival_miasma, layout_basic, minmay_misc_feat_iff,
          hangedman_decor_clover_reticule
D:2:      layout_rooms, shapermc_ecumenical_altar_mp_urbaneastern,
          grunt_decor_clamped, uniq_jessica, uniq_terence
D:3:      layout_basic, amethyst_overflow_temple_binary, uniq_ijyb, uniq_natasha
D:4:      layout_basic, mainiacjoe_overflow_six_doors_small, uniq_grinder

Skill      XL: |  1  2  3  4  5  6 |
---------------+-------------------+-----
Unarmed Combat | 4 |  4.8
Fighting       | 2 |  2.6
Shapeshifting  | 4 |  4.5
Dodging        | 3 |  3.1

Action                     |  1- 3 |  4- 6 || total
---------------------------+-------+-------++-------
  Melee: Unarmed           |    58 |   112 ||   170
         Constrict         |    15 |    27 ||    42
         Tentacles         |     8 |    24 ||    32
         Punch             |       |     6 ||     6
    Use: Potion            |       |     2 ||     2
   Stab: Sleeping          |     3 |     8 ||    11
 Armour: Skin              |    24 |    46 ||    70
  Dodge: Dodged            |    35 |    61 ||    96
